 Dungeon Crawl Stone Soup version 0.23.2-1-ga50397a (webtiles) character file.

Game seed: 10468175696247474115

617 Fang the Skirmisher (level 7, -3/66 HPs)
             Began as a Gargoyle Berserker on Apr 24, 2019.
             Was a Believer of Trog.
             Slain by an ogre
             ... wielding a +0 giant club
              (15 damage)
             ... on level 4 of the Dungeon.
             The game lasted 00:03:37 (2841 turns).

Fang the Skirmisher (Gargoyle Berserker)            Turns: 2841, Time: 00:03:38

Health: -3/66      AC:  8    Str: 28    XL:     7   Next: 45%
Magic:  7/7        EV: 13    Int:  7    God:    Trog [**....]
Gold:   119        SH:  0    Dex:  9    Spells: 6/6 levels left

rFire    . . .     SeeInvis .   a - +0 hand axe
rCold    . . .     Gourm    .   (no shield)
rNeg     + . .     Faith    .   b - +1 animal skin
rPois    ∞         Spirit   .   (no helmet)
rElec    +         Reflect  .   (no cloak)
rCorr    .         Harm     .   (no gloves)
MR       ++...                  (no boots)
Stlth    ..........             p - amulet of regeneration
HPRegen  1.61/turn              (no ring)
MPRegen  0.10/turn              (no ring)

@: berserking, regenerating, very quick
A: negative energy resistance 1, electricity resistance, unbreathing,
petrification resistance, rot immunity, AC +4
a: Berserk, Trog's Hand, Renounce Religion


You were on level 4 of the Dungeon.
You worshipped Trog.
Trog was pleased with you.
You were near starving.

You visited 2 branches of the dungeon, and saw 5 of its levels.

You collected 119 gold pieces.

Inventory:

Hand Weapons
 a - a +0 hand axe (weapon)
Armour
 b - a +1 animal skin (worn)
Jewellery
 p - an amulet of regeneration (around neck)
Wands
 j - a wand of random effects (21)
Scrolls
 d - 2 scrolls of identify
 e - a scroll of teleportation {unknown}
 f - a scroll of magic mapping
Potions
 h - a potion of flight {unknown}
 i - 5 potions of curing {unknown}
 k - 2 potions of berserk rage
 l - a potion of heal wounds {unknown}
 o - a potion of brilliance {unknown}
Comestibles
 c - 7 rations
 g - 5 chunks of flesh


   Skills:
 + Level 5.3 Fighting
 + Level 4.4 Axes
 + Level 4.7 Armour
 + Level 3.5 Dodging


You had 6 spell levels left.
You didn't know any spells.
Your spell library was empty.

Dungeon Overview and Level Annotations

Branches:
Dungeon (4/15)             Temple (1/1) D:4

Altars:
Ashenzari
Dithmenos
Fedhas
Okawaru
Ru
Sif Muna


Innate Abilities, Weirdness & Mutations

You are resistant to torment.
Your stone body is resilient. (AC +4)
You are immune to poison.
You resist negative energy. (rN+)
You are resistant to electric shocks. (rElec)
You can survive without breathing.
You are immune to petrification.
You are immune to rotting.


Message History

You are too injured to fight recklessly!
Your skin crawls.
You feel resistant to hostile enchantments.
You are feeling hungry.
The ogre closely misses you.
You recover from your berserk rage.
The ogre hits you with a +0 giant club!
* * * LOW HITPOINT WARNING * * *
You feel the effects of Trog's Hand fading.
The ogre closely misses you. The ogre hits you with a +0 giant club.
The ogre hits you with a +0 giant club!
* * * LOW HITPOINT WARNING * * *
A red film seems to cover your vision as you go berserk!
You feel yourself moving faster!
You feel mighty!
You are near starving!
You slash the ogre!
The ogre is heavily wounded.
The ogre hits you with a +0 giant club!
You die...

. #..###...###.#
............##
.#..⌠..>..⌠.#
#..........#
#####...#######
#.⌠.# #...# #...#
##..## ..##
###.####O..#
.....######....÷@#.#
#...............#
#.##.#...♣(..#..# #
#...).♣.♣.....#
#.#....♣.♣.♣....#
#.....♣)♣.♣.♣...#
.####.#.♣.♣._.♣.♣..#
......#÷.♣.♣.♣.♣...#
##...÷.†♣.♣.♣...##


You could see an ogre.

Vanquished Creatures
  Sigmund (D:3)
  A bullfrog zombie (D:2)
  An orc wizard (D:3)
  A gnoll shaman (D:4)
  Terence (D:3)
  2 iguanas (D:4)
  Natasha (twice) (D:4)
  2 worker ants
  9 gnolls (D:4)
  3 adders
  An ooze (D:1)
  A worm (D:2)
  3 dart slugs (D:2)
  3 leopard geckos
  6 orcs
  8 bats
  2 giant cockroaches (D:2)
  8 goblins
  5 hobgoblins
  4 jackals (D:4)
  3 quokkas (D:2)
  2 ball pythons
  5 frilled lizards
  2 kobolds
  2 rats
78 creatures vanquished.

Notes
Turn   | Place    | Note
-------+----------+-------------------------------------------
     0 | D:1      | Fang the Gargoyle Berserker began the quest for the Orb.
     0 | D:1      | Reached XP level 1. HP: 14/14 MP: 1/1
   322 | D:1      | Reached XP level 2. HP: 17/19 MP: 2/2
   480 | D:2      | Reached XP level 3. HP: 13/24 MP: 3/3
   484 | D:2      | Reached XP level 4. HP: 6/29 MP: 4/4
   789 | D:2      | Reached skill level 4 in Fighting
   805 | D:2      | Found a shadowy altar of Dithmenos.
   855 | D:2      | Reached ** piety under Trog
   927 | D:2      | Found a faded altar of an unknown god.
  1208 | D:3      | Reached XP level 5. HP: 22/33 MP: 5/5
  1221 | D:3      | Found a shattered altar of Ashenzari.
  1318 | D:3      | Noticed Sigmund
  1320 | D:3      | Found a blossoming altar of Fedhas.
  1333 | D:3      | HP: 2/49 [something (4)]
  1336 | D:3      | Killed Sigmund
  1336 | D:3      | Reached XP level 6. HP: 4/39 MP: 6/6
  1891 | D:3      | Found a sacrificial altar of Ru.
  1985 | D:3      | Noticed Terence
  1999 | D:3      | Killed Terence
  2177 | D:3      | Found a deep blue altar of Sif Muna.
  2338 | D:4      | Noticed Natasha
  2348 | D:4      | Killed Natasha
  2353 | D:4      | Reached skill level 5 in Fighting
  2353 | D:4      | Reached XP level 7. HP: 20/44 MP: 7/7
  2646 | D:4      | Found a staircase to the Ecumenical Temple.
  2668 | Temple   | Entered the Ecumenical Temple
  2707 | D:4      | Found an iron altar of Okawaru.
  2763 | D:4      | Noticed Natasha
  2779 | D:4      | Killed Natasha
  2841 | D:4      | Slain by an ogre

Skill      XL: |  1  2  3  4  5  6 |
---------------+-------------------+-----
Axes           | 3 4 |  4.4
Dodging        | 2 3 |  3.5
Armour         | 3 4 |  4.7
Fighting       | 4 5 |  5.3

Action                   |  1- 3 |  4- 6 |  7- 9 || total
-------------------------+-------+-------+-------++-------
Melee: Hand axe          |    42 |   169 |    75 ||   286
Invok: Berserk           |     1 |     3 |     3 ||     7
       Trog's Hand       |       |     1 |     2 ||     3
  Use: Scroll            |       |     5 |       ||     5
  Eat: Chunk             |       |     8 |     5 ||    13
Armor: Animal skin       |    20 |    71 |    30 ||   121
Dodge: Dodged            |    36 |   129 |    80 ||   245
